 Dungeon Crawl Stone Soup version 0.30-a0-715-gdb4ae3ece1 (webtiles) character file.

Game seed: 12118683238985900890

210 ryw the Cudgeller (level 5, -5/55 HPs)
             Began as an Ogre Gladiator on Jan 25, 2023.
             Was an Initiate of Okawaru.
             Slain by a hornet (13 damage)
             ... on level 4 of the Dungeon.
             The game lasted 00:04:41 (2993 turns).

ryw the Cudgeller (Ogre Gladiator)                  Turns: 2993, Time: 00:04:42

Health: -5/55      AC:  3    Str: 20    XL:     5   Next: 88%
Magic:  5/5        EV: 10    Int:  9    God:    Okawaru [......]
Gold:   131        SH:  0    Dex: 10    Spells: 4/4 levels left

rFire   + . .      SeeInvis .    r - +2 whip (vamp)
rCold   + . .      Faith    .    (no shield)
rNeg    . . .      Spirit   .    b - +0 robe
rPois   +          Reflect  .    c - +0 hat
rElec   +          Harm     .    (no cloak)
rCorr   +          Rampage  .    (gloves unavailable)
Will    .....                    (boots unavailable)
Stlth   +                        (no amulet)
HPRegen 0.29/turn                (no ring)
MPRegen 0.09/turn                (no ring)

@: lethally poisoned (-5 -> -7), resistant, slowed, very slow
A: large, unfitting armour, tough skin 1
a: Renounce Religion


You were on level 4 of the Dungeon.
You worshipped Okawaru.
Okawaru was noncommittal.
You visited 1 branch of the dungeon, and saw 4 of its levels.

You collected 131 gold pieces.

Inventory:

Hand Weapons
 o - a +2 mace of protection
 r - a +2 vampiric whip (weapon)
Missiles
 a - 4 boomerangs (quivered)
 d - 3 throwing nets
 e - a large rock
 q - 3 poisoned darts
Armour
 b - a +0 robe (worn)
 c - a +0 hat (worn)
Scrolls
 h - a scroll of silence {unknown}
 n - a scroll of teleportation {unknown}
 t - a scroll of torment {unknown}
 u - a scroll of enchant weapon {unknown}
 v - a scroll of fog {unknown}
 w - a scroll of amnesia {unknown}
 x - a scroll of vulnerability {unknown}
Potions
 f - 3 potions of curing
 g - 2 potions of degeneration {unknown}
 j - a potion of flight {unknown}
 k - a potion of resistance
 l - 2 potions of invisibility
 m - a potion of lignification {unknown}
 p - a potion of might {unknown}
 s - a potion of attraction {unknown}
 z - a potion of ambrosia {unknown}


   Skills:
 + Level 4.8 Fighting
 * Level 5.0 Maces & Flails
 - Level 2.0 Throwing
 - Level 2.7 Dodging


You had 4 spell levels left.
You didn't know any spells.
Your spell library contained the following spells:

 Spells                   Type           Power      Damage    Failure   Level
 Sting                    Tmut/Pois      0%         1d3       38%         1
 Poisonous Vapours        Pois/Air       0%         N/A       52%         2
 Dazzling Flash           Conj/Hex       0%         N/A       77%         3
 Iskenderun's Mystic Bla  Conj/Tloc      0%         2d3       99%         4
 Olgreb's Toxic Radiance  Pois           0%         N/A       99%         4
 Starburst                Conj/Fire      0%         6d3       100%        6


Dungeon Overview and Level Annotations

Branches:
Dungeon (4/15)
 Temple: D:4-7

Altars:
Okawaru


Innate Abilities, Weirdness & Mutations

You are too large for most types of armour.
You have tough skin. (AC +1)


Message History

You closely miss the hornet.
The hornet is lightly wounded.
The hornet barely misses you. The hornet closely misses you.
You barely miss the hornet.
The hornet is lightly wounded.
The hornet misses you. x2
You hit the hornet.
You feel better.
The hornet is lightly wounded.
The hornet stings you.
You are poisoned.
You feel as though you will be slow longer.
The hornet stings you!
* * * LOW HITPOINT WARNING * * *
You feel as though you will be slow longer.
You feel better. The hornet stings you!
* * * LOW HITPOINT WARNING * * *
You feel as though you will be slow longer.
The hornet barely misses you.
Okay, then.
You feel protected.
The hornet stings you but does no damage.
The hornet completely misses you.
You feel much better. The hornet stings you!
You are poisoned.
The hornet stings you!
* * * LOW HITPOINT WARNING * * *
The hornet completely misses you.
You feel much better.
You feel very sick. The hornet barely misses you. The hornet stings you!
You barely miss the hornet.
You feel sick. The hornet stings you!
* * * LOW HITPOINT WARNING * * *
You feel as though you will be slow longer.
The hornet barely misses you.
You hit the hornet.
The hornet is lightly wounded.
You feel sick. The hornet stings you.
* * * LOW HITPOINT WARNING * * *
The hornet stings you!
You die...

~ P. ... ... ..
####.# ####.@y.#
#....#### #.####
#.# ##.#
###########..#
#...........##
#.........###
#.........######


You could see a hornet.

Vanquished Creatures
  A hound (D:4)
  An orc priest (D:3)
  Terence (D:2)
  An orc wizard (D:3)
  An adder (D:3)
  3 gnolls (D:3)
  A dart slug (D:1)
  3 orcs (D:2)
  4 ball pythons
  9 endoplasms
  3 giant cockroaches
  4 goblins
  3 hobgoblins
  5 jackals
  5 quokkas
  A bat (D:1)
  5 frilled lizards
  5 kobolds
  4 rats
60 creatures vanquished.

Vanquished Creatures (others)
  5 plants
5 creatures vanquished.

Grand Total: 65 creatures vanquished

Notes
Turn   | Place    | Note
-------+----------+-------------------------------------------
     0 | D:1      | ryw the Ogre Gladiator began the quest for the Orb.
     0 | D:1      | Reached XP level 1. HP: 22/22 MP: 1/1
    27 | D:1      | Found a faded altar of an unknown god.
   273 | D:1      | Reached skill level 3 in Maces & Flails
   273 | D:1      | Reached XP level 2. HP: 27/31 MP: 2/2
   704 | D:1      | Reached XP level 3. HP: 22/37 MP: 3/3
  1615 | D:2      | Noticed Terence
  1625 | D:2      | Killed Terence
  1626 | D:2      | Reached XP level 4. HP: 40/48 MP: 4/4
  1764 | D:3      | Reached skill level 4 in Maces & Flails
  2059 | D:3      | Reached XP level 5. HP: 46/54 MP: 5/5
  2787 | D:3      | Found an iron altar of Okawaru.
  2795 | D:3      | Became a worshipper of Warmaster Okawaru
  2923 | D:4      | Reached skill level 5 in Maces & Flails
  2978 | D:4      | Noticed a hornet
  2993 | D:4      | Slain by a hornet

Illustrated notes

Levels and vault maps discovered:
D:1:      tarquinn_simple_flora_water_e, layout_loops_ring,
          basic_ecumenical_altar, serial_bayou, serial_bayou_pond_e,
          serial_bayou_lagoon_a, serial_bayou_crossing, serial_bayou_pond_d,
          serial_bayou_ford_a, serial_bayou_pond_b, chequers_mini_garden,
          minmay_strange_pillars
D:2:      layout_loops_ring, chequers_serial_rivers_small_3, uniq_terence
D:3:      layout_basic, marbit_many_paths
D:4:      layout_basic, nicolae_elyvilon_peaceful_grove, serial_bayou,
          serial_bayou_pond_c, serial_bayou_pond_d, serial_bayou_shore_b,
          serial_bayou_shore_a, serial_bayou_shore_b, minmay_misc_feat_room,
          uniq_pikel, uniq_edmund

Skill      XL: |  1  2  3  4  5 |
---------------+----------------+-----
Fighting       | 3 4 |  4.8
Maces & Flails | 3 4 5 |  5.0
Throwing       | |  2.0
Dodging        | |  2.7

Action                     |  1- 3 |  4- 6 || total
---------------------------+-------+-------++-------
  Melee: Flail             |    76 |       ||    76
         Punch             |     1 |     1 ||     2
         Mace              |    16 |    37 ||    53
         Whip              |       |    79 ||    79
    Use: Scroll            |       |     4 ||     4
         Potion            |       |     5 ||     5
   Stab: Sleeping          |     2 |     1 ||     3
 Armour: Robe              |    22 |    23 ||    45
  Dodge: Dodged            |    59 |    52 ||   111

Table legend: (Time is in decaauts)
 A = Elapsed time spent in this place.
 B = Non-inter-level travel time spent in this place.
 C = Inter-level travel time spent in this place.
 D = Time resting spent in this place.
 E = Time spent auto-exploring this place.
 F = Levels seen in this place.
 G = Mean time per level.
                   A        B        C        D        E       F      G
               +--------+--------+--------+--------+--------+-----+--------+
         Total |   3019 |   2890 |    129 |    204 |   2159 |   4 |  754.8 |
       Dungeon |   3019 |   2890 |    129 |    204 |   2159 |   4 |  754.8 |
               +--------+--------+--------+--------+--------+-----+--------+

Top non-repeatable levels by time:
     D:1: 1067 daAuts
     D:3: 902 daAuts
     D:2: 892 daAuts
     D:4: 156 daAuts
